 Dungeon Crawl Stone Soup version 0.22-a0-422-g9628fc8 (webtiles) character file.

541 Borgoz the Covered (level 7, -3/44 HPs)
             Began as a Gargoyle Fighter on May 21, 2018.
             Slain by an orc warrior
             ... wielding a +1 short sword of venom
              (7 damage)
             ... on level 5 of the Dungeon.
             The game lasted 00:05:30 (3923 turns).

Borgoz the Covered (Gargoyle Fighter)               Turns: 3923, Time: 00:05:31

Health: -3/44      AC: 14    Str: 20    XL:     7   Next: 26%
Magic:  7/7        EV: 11    Int:  8    God:
Gold:   202        SH:  0    Dex: 11    Spells: 6/6 levels left

rFire    . . .     SeeInvis +   a - +0 flail
rCold    . . .     Gourm    .   (no shield)
rNeg     + . .     Faith    .   b - +0 scale mail
rPois    ∞         Spirit   .   l - +1 helmet {SInv}
rElec    +         Reflect  .   (no cloak)
rCorr    .         Harm     .   (no gloves)
MR       .....                  (no boots)
Stlth    ..........             (no amulet)
HPRegen  0.14/turn              (no ring)
MPRegen  0.10/turn              (no ring)

@: no status effects
A: negative energy resistance 1, electricity resistance, unbreathing,
petrification resistance, rot immunity, AC +4
a: no special abilities


You were on level 5 of the Dungeon.
You were not hungry.

You visited 1 branch of the dungeon, and saw 7 of its levels.

You collected 202 gold pieces.

Inventory:

Hand Weapons
 a - a +0 flail (weapon)
Armour
 b - a +0 scale mail (worn)
 c - a +0 shield
 l - a +1 helmet of see invisible (worn)
Jewellery
 u - an uncursed ring of see invisible {unknown}
Wands
 d - a wand of enslavement (16)
 r - a wand of flame (16)
 w - a wand of iceblast (5)
Scrolls
 h - 2 scrolls of remove curse
 j - a scroll of amnesia {unknown}
 m - a scroll of fear {unknown}
 n - 2 scrolls of enchant weapon {unknown}
 o - a scroll of teleportation {unknown}
 t - 2 scrolls of identify {unknown}
 v - a scroll of random uselessness {unknown}
 x - a scroll of enchant armour {unknown}
 y - 2 scrolls of vulnerability
Potions
 e - 3 potions of curing {unknown}
 g - 5 potions of heal wounds {unknown}
 i - 2 potions of lignification {unknown}
 k - a potion of agility {unknown}
 p - a potion of flight {unknown}
 q - a potion of haste {unknown}
 s - a potion of resistance {unknown}
Comestibles
 f - 6 rations


   Skills:
 + Level 5.2 Fighting
 + Level 4.1 Maces & Flails
 + Level 5.2 Armour
 + Level 2.8 Dodging
 - Level 3.2 Shields


You had 6 spell levels left.
You didn't know any spells.
Your spell library was empty.

Dungeon Overview and Level Annotations

Branches:
Dungeon (7/15)
 Temple: D:4-7

Altars:
Gozag
Okawaru
Ru
Trog

Shops:
D:6 (


Innate Abilities, Weirdness & Mutations

You are resistant to torment.
Your stone body is resilient. (AC +4)
You are immune to poison.
You resist negative energy. (rN+)
You are resistant to electric shocks. (rElec)
You can survive without breathing.
You are immune to petrification.
You are immune to rotting.


Message History

You are too injured to fight recklessly!
You are too injured to fight recklessly!
You are too injured to fight recklessly!
You are too injured to fight recklessly!
You are too injured to fight recklessly!
You hit the orc.
The orc is almost dead.
The orc closely misses you.
The orc warrior hits you but does no damage.
The orc wizard begins to cast a cantrip, but forgets the words!
The orc warrior hits you but does no damage.
The orc closely misses you.
Your scale mail prevents you from hitting the orc.
The orc is almost dead.
The orc warrior hits you with a short sword of venom!
* * * LOW HITPOINT WARNING * * *
The orc hits you with a short sword.
* * * LOW HITPOINT WARNING * * *
The orc warrior hits you with a short sword of venom!
You die...

#####.######
#.# #.# #.#
#.#########
#.#
#.........#
#.#
#########.#
#.#
##########.#
#.#
.........#.#
#.#
♣...#.#.#
#.# ♣o@....#
#.#
♣o♣o....#
#.# #
♣.♣o♣oo#.#
#.# #
♣._.♣.♣...#
####.# #
♣.♣.♣.♣.o###
#....# #
..♣.♣.♣...#
#.#### #
...♣.♣...o#
#.# ## ...♣
..#.. #<# .#
.# #.#


You could see 2 orc warriors and 5 orcs.

Vanquished Creatures
  Eustachio (D:5)
  An ogre (D:4)
  A crimson imp (D:5)
  An orc priest (D:4)
  A worker ant (D:4)
  A hound skeleton (D:3)
  4 gnolls
  6 adders
  A howler monkey skeleton (D:5)
  An ooze (D:2)
  An adder skeleton (D:4)
  2 worms (D:3)
  4 dart slugs
  A leopard gecko (D:3)
  6 orcs
  12 bats
  6 giant cockroaches
  8 goblins
  3 hobgoblins
  11 jackals
  4 quokkas
  A ball python (D:3)
  2 frilled lizards
  8 kobolds
  6 rats
93 creatures vanquished.

Notes
Turn   | Place    | Note
-------+----------+-------------------------------------------
     0 | D:1      | Borgoz the Gargoyle Fighter began the quest for the Orb.
     0 | D:1      | Reached XP level 1. HP: 14/14 MP: 1/1
   284 | D:1      | Reached XP level 2. HP: 17/19 MP: 2/2
   986 | D:2      | Found a sacrificial altar of Ru.
  1097 | D:2      | Reached XP level 3. HP: 18/24 MP: 3/3
  1242 | D:2      | Reached skill level 1 in Dodging
  1534 | D:2      | Reached XP level 4. HP: 27/29 MP: 4/4
  1990 | D:3      | Reached XP level 5. HP: 25/33 MP: 5/5
  2314 | D:3      | Found a bloodstained altar of Trog.
  2543 | D:4      | Noticed an ogre
  2549 | D:4      | Killed an ogre
  2549 | D:4      | Reached XP level 6. HP: 13/39 MP: 6/6
  2772 | D:4      | Found an opulent altar of Gozag.
  3453 | D:5      | Entered Level 5 of the Dungeon
  3466 | D:5      | Reached skill level 5 in Armour
  3481 | D:5      | Noticed Eustachio
  3505 | D:5      | Killed Eustachio
  3505 | D:5      | Reached skill level 5 in Fighting
  3505 | D:5      | Reached XP level 7. HP: 9/44 MP: 7/7
  3777 | D:6      | Found Pahoal's Antique Weapon Boutique.
  3916 | D:5      | Found an iron altar of Okawaru.
  3923 | D:5      | Slain by an orc warrior

Vault maps used:
D:1:      minmay_arrival_shattered_statue
D:2:      kennysheep_six_static_rooms, nicolae_ru_path_of_blood,
          kennysheep_generic_room_12
D:3:      nicolae_overflow_hidden_temple, lemuel_doored_altar
D:4:      nicolae_gozag_cash_rules_everything_around_me
D:5:      okawaru_trees_2, serial_shops, shop, first_ration, uniq_eustachio
D:6:      lemuel_coloured_pillars_altar, lemuel_crystal_altar,
          portal_sewer_entry_a, serial_shops, shop
D:7:      minmay_temple_entry_mist, uniq_duvessa

Skill      XL: |  1  2  3  4  5  6 |
---------------+-------------------+-----
Dodging        | 1 2 |  2.8
Fighting       | 4 5 |  5.2
Armour         | 4 5 |  5.2
Maces & Flails | 3 4 |  4.1
Shields        | |  3.2

Action                   |  1- 3 |  4- 6 |  7- 9 || total
-------------------------+-------+-------+-------++-------
Melee: Flail             |   114 |   225 |     9 ||   348
  Use: Potion            |       |     1 |       ||     1
       Scroll            |       |       |     2 ||     2
  Eat: Chunk             |     2 |     7 |     1 ||    10
Armor: Scale mail        |   104 |   193 |     4 ||   301
Dodge: Dodged            |   122 |   207 |     5 ||   334

Table legend:
 A = Spawn XP
 B = Non-spawn XP
 C = Spawn XP percentage of total XP
 D = Spawn monster count
 E = Non-spawn monster count
 F = Spawn count percentage of total count
 G = Total turns spent on level
                    A         B        C        D         E        F      G
               +---------+---------+-------+---------+---------+-------+---------
         Total |       0 |     773 |   0.0 |       0 |      93 |   0.0 |  3923
               +---------+---------+-------+---------+---------+-------+---------
           D:1 |       0 |      22 |   0.0 |       0 |      12 |   0.0 |   946
           D:2 |       0 |     134 |   0.0 |       0 |      30 |   0.0 |  1010
           D:3 |       0 |      84 |   0.0 |       0 |      28 |   0.0 |   587
           D:4 |       0 |     254 |   0.0 |       0 |      16 |   0.0 |   948
           D:5 |       0 |     279 |   0.0 |       0 |       7 |   0.0 |   390
               +---------+---------+-------+---------+---------+-------+---------
